AoeStats
← frenzy

Nomad

509145141Analyzed
2v2 RM · 8d ago on Sep 25, 2026· 27m 14s· 4 players
Game mode
Random Map
Map size
176×176
Population
200
Speed
Normal
Resources
Standard
Victory
Conquest
Starting age
Dark Age
Ending age
Imperial Age
RankedLock teamsTeams togetherTeam positionsShared explorationLock speedFull tech treeHidden civsTurbo modeCheats
Victory
Defeat
🇹🇷 Teutons · Türkiye
833
+17
🇹🇷 Vikings · Türkiye
783
+20
🇩🇪 Khmer · Germany
863
-19
🇩🇪 Koreans · Germany
862
-18
|NsuperAble *
5:26 Loom
15:55 Feudal Age
16:21 Town Watch
16:18 Horse Collar
16:26 Double-Bit Axe
19:31 Arson
20:24 Wheelbarrow
29:48 Castle Age
frenzy
15:18 Feudal Age
17:24 Double-Bit Axe
18:37 Gold Mining
18:55 Horse Collar
19:49 Stone Mining
24:34 Castle Age
23:24 Scale Barding Armor
23:40 Loom
27:09 Chain Barding Armor
pollo salvaje
6:41 Loom
14:54 Feudal Age
15:00 Feudal Age
16:38 Horse Collar
23:06 Castle Age
22:47 Double-Bit Axe
24:11 Husbandry
25:06 Wheelbarrow
27:05 Bloodlines
jaki chan chito
12:09 Loom
14:09 Feudal Age
15:03 Double-Bit Axe
16:57 Gold Mining
17:30 Horse Collar
18:27 Fletching
24:00 Castle Age
22:59 Wheelbarrow
23:32 Man-at-Arms
25:28 Long Swordsman
Connection lost

Rejoining the realm…

Still unreachable

The connection could not be restored.

Session expired

The server has moved on; the page needs a fresh start.